 Dungeon Crawl Stone Soup version 0.18.1-6-gd335043 (webtiles) character file.

54 Gingerlord the Skirmisher (level 4, -5/37 HPs)
             Began as a Formicid Abyssal Knight on May 17, 2016.
             Was a Follower of Lugonu.
             Slain by Natasha (9 damage)
             ... on level 2 of the Dungeon.
             The game lasted 00:02:42 (1738 turns).

Gingerlord the Skirmisher (Formicid Abyssal Knight) Turns: 1738, Time: 00:02:43

Health: -5/37      AC:  3    Str: 16    XL:     4   Next: 12%
Magic:  6/6        EV: 11    Int: 12    God:    Lugonu [*.....]
Gold:   115        SH:  0    Dex: 11    Spells: 0 memorised, 3 levels left

rFire  . . .     SeeInvis +     a - +1 falchion
rCold  . . .     Gourm    .     b - +0 leather armour
rNeg   + . .     Faith    .     (no shield)
rPois  .         Spirit   .     (helmet unavailable)
rElec  .         Dismiss  .     (no cloak)
rCorr  .         Reflect  .     (no gloves)
SustAt .         Harm     .     (no boots)
MR     .....                    (no amulet)
Stlth  +.........               (no ring)
                                h - ring of positive energy

@: not resistant to hostile enchantments, very unstealthy
A: permanent stasis, dig shafts and tunnels, four strong arms, antennae 3
a: Dig, Shaft Self, Depart the Abyss, Renounce Religion


You were on level 2 of the Dungeon.
You worshipped Lugonu.
Lugonu was aware of your devotion.
You were not hungry.

You visited 1 branch of the dungeon, and saw 2 of its levels.
You visited the Abyss 1 time.

You collected 115 gold pieces.

Inventory:

Hand Weapons
 a - a +1 falchion (weapon)
Armour
 b - a +0 leather armour (worn)
Jewellery
 h - a ring of positive energy (left hand)
Scrolls
 f - a scroll of fear {unknown}
 g - a scroll of remove curse {unknown}
 i - 2 scrolls of teleportation {unknown}
 j - a scroll of blinking {unknown}
Potions
 d - a potion of curing
 e - a potion of resistance
 l - a potion of berserk rage {unknown}
Comestibles
 c - a meat ration
 k - a beef jerky


   Skills:
 + Level 3.8 Fighting
 + Level 2.2 Long Blades
 + Level 2.7 Armour
 + Level 1.6 Dodging
 + Level 3.0 Invocations


You had 3 spell levels left.
You didn't know any spells.

Dungeon Overview and Level Annotations

Branches:
Dungeon (2/15)

Altars:

Annotations:
D:2 Natasha


Innate Abilities, Weirdness & Mutations

You are under a permanent stasis effect.
You can dig through walls and to a lower floor.
Your four strong arms can wield two-handed weapons with a shield.
You have a pair of large antennae on your head (SInv).


Message History

You closely miss Natasha.
Natasha is moderately wounded.
Natasha casts a spell at you. The magic dart hits you!
You barely miss Natasha.
Natasha is moderately wounded.
Natasha casts a spell at you. The magic dart hits you!
* * * LOW HITPOINT WARNING * * *
You miss Natasha.
Natasha is moderately wounded.
Natasha claws you.
* * * LOW HITPOINT WARNING * * *
You hit Natasha.
Natasha is moderately wounded.
Natasha misses you.
You barely miss Natasha.
Natasha is moderately wounded.
Natasha claws you but does no damage. Natasha claws you!
You die...

# # #....# # #....# #
#####....# ## (........#
.# #.............# .#
#.............##### .#
#........<.h......# .#
#...........@.....# ##
#.........###.....# #
#.........# #.....#
#####.........###.....###
....'............).......
.####....†....###.....###
.# #.........# #.....#
.######...##### #.....#
.....##...# #.....#


You could see Natasha.

Vanquished Creatures
  An adder (D:2)
  A worm (D:2)
  2 dart slugs (D:1)
  A giant gecko (D:1)
  5 bats
  4 giant cockroaches
  2 hobgoblins (D:1)
  3 jackals (D:1)
  A giant newt (D:2)
  7 goblins
  3 kobolds
  5 rats (D:1)
35 creatures vanquished.

Vanquished Creatures (others)
  4 toadstools (D:1)
4 creatures vanquished.

Grand Total: 39 creatures vanquished

Notes
Turn   | Place    | Note
--------------------------------------------------------------
     0 | Abyss:1  | Gingerlord the Formicid Abyssal Knight began the quest for the Orb.
     0 | Abyss:1  | Reached XP level 1. HP: 18/18 MP: 2/2
   100 | Abyss:1  | Noticed a raiju
   161 | Abyss:1  | Noticed a large abomination
   171 | D:1      | Escaped the Abyss
   546 | D:1      | Reached XP level 2. HP: 23/24 MP: 3/3
   550 | D:1      | Reached * piety under Lugonu
   550 | D:1      | Reached skill level 1 in Dodging
   774 | D:1      | Reached XP level 3. HP: 24/30 MP: 5/5
  1272 | D:2      | Reached XP level 4. HP: 8/37 MP: 6/6
  1728 | D:2      | Noticed Natasha
  1738 | D:2      | Slain by Natasha

Skill      XL: |  1  2  3  4 |
---------------+-------------+-----
Dodging        | 1 |  1.6
Invocations    | 3 |  3.0
Fighting       | |  3.8
Long Blades    | |  2.2
Armour         | |  2.7

Action                   |  1- 3 |  4- 6 || total
-------------------------+-------+-------++-------
Melee: Falchion          |    95 |    22 ||   117
Invok: Depart the Abyss  |     1 |       ||     1
  Use: Potion            |     1 |       ||     1
  Eat: Bread ration      |       |     1 ||     1
Armor: Leather armour    |    27 |     6 ||    33
Dodge: Dodged            |    71 |     9 ||    80
